 Dungeon Crawl Stone Soup version 0.31-a0-214-gb37851dbb3 (webtiles) character file.

Game seed: 10391598426186191458

2969285 LobsterGuardian the Conqueror (level 27, 120/273 HPs)
             Began as a Demonspawn Delver on June 21, 2023.
             Was an Initiate of Gozag.
             Escaped with the Orb
             ... and 5 runes on July 1, 2023!
             The game lasted 04:19:08 (78471 turns).

LobsterGuardian the Conqueror (Demonspawn Delver)  Turns: 78471, Time: 04:19:09

Health: 120/273    AC: 34    Str: 21    XL:     27
Magic:  23/23      EV: 17    Int:  9    God:    Gozag
Gold:   2430       SH:  0    Dex: 21    Spells: 26/26 levels left

rFire   + + +        i - +9 triple sword (elec)
rCold   + + .        (shield currently unavailable)
rNeg    + . .        S - +9 plate armour of the Salmon {rF+ Regen+}
rPois   +            (helmet unavailable)
rElec   +            m - +1 cloak "Mowuvist" {rF++ Slay+5}
rCorr   +            (gloves unavailable)
SInv    .            (boots unavailable)
Will    +++++        Z - necklace of Bloodlust {Fury *Rage Will++ Int-3 Slay+6} Stlth
                     M - ring of Yneriad {rElec rN+ Str-4 Dex+3}
HPRegen 1.45/turn    a - ring "Postud" {rCorr Slay+4}
MPRegen 0.18/turn

%: random rage (53%)
@: mighty, resistant, on berserk cooldown, studying Conjurations
A: claws 3, hooves 3, horns 3, demonic guardian 3, hurl damnation, spiny 3,
torment resistance 1, demonic willpower, berserk 1, cold resistance 1, mutation
resistance 1, robust 1, strong 1
0: Orb of Zot
}: 5/15 runes: decaying, slimy, silver, abyssal, gossamer
a: Hurl Damnation, Renounce Religion, Potion Petition, Call Merchant, Bribe
Branch


You escaped.
You worshipped Gozag.
Gozag was most pleased with you.
You visited 14 branches of the dungeon, and saw 58 of its levels.
You visited the Abyss 5 times.
You visited 1 bazaar.
You also visited: Ossuary, Bailey and Gauntlet.

You collected 34646 gold pieces.
You spent 8973 gold pieces at shops.
You paid 23243 gold pieces to Gozag.

Inventory:

Hand Weapons
 f - a +1 vampiric demon blade
 i - a +9 triple sword of electrocution (weapon)
Missiles
 C - a throwing net
 V - 8 boomerangs (quivered)
Armour
 m - the +1 cloak "Mowuvist" (worn) {rF++ Slay+5}
   (You bought it in a shop on level 1 of the Realm of Zot)

   Slay:      It affects your accuracy & damage with ranged weapons and melee
   (+5).
   rF:        It greatly protects you from fire.
 S - the +9 plate armour of the Salmon (worn) {rF+ Regen+}
   (You bought it in a shop on level 13 of the Dungeon)

   rF:        It protects you from fire.
   Regen:     It increases your rate of health regeneration.
Jewellery
 a - the ring "Postud" (right claw) {rCorr Slay+4}
   (You bought it in a shop on level 1 of the Vaults)

   [ring of slaying]

   Slay:      It affects your accuracy & damage with ranged weapons and melee
   (+4).
   rCorr:     It protects you from acid and corrosion.
 k - a ring of flight
 l - a ring of willpower
 n - the ring of Rujekuet {*Corrode rF+ rN+ EV+5 SInv}
   (You found it on level 4 of the Realm of Zot)

   [ring of evasion]

   EV:        It affects your evasion (+5).
   rF:        It protects you from fire.
   rN:        It protects you from negative energy.
   SInv:      It lets you see invisible.
   *Corrode:  It may corrode you when you take damage.
 z - the ring "Kurgh" {rPois rF+ rCorr MP+9}
   (You bought it in a shop on level 2 of the Elven Halls)

   [ring of resist corrosion]

   rF:        It protects you from fire.
   rPois:     It protects you from poison.
   MP:        It affects your magic capacity (+9).
   rCorr:     It protects you from acid and corrosion.
 D - the ring "Soetilick" {rN+ SInv}
   (You found it on level 3 of the Crypt)

   [ring of positive energy]

   rN:        It protects you from negative energy.
   SInv:      It lets you see invisible.
 E - a ring of protection from cold
 M - the ring of Yneriad (left claw) {rElec rN+ Str-4 Dex+3}
   (You found it on level 3 of the Crypt)

   [ring of positive energy]

   Str:       It affects your strength (-4).
   Dex:       It affects your dexterity (+3).
   rElec:     It insulates you from electricity.
   rN:        It protects you from negative energy.
 T - the ring "Jusod" {+Blink SInv}
   (You found it on level 5 of the Pits of Slime)

   [ring of see invisible]

   SInv:      It lets you see invisible.
   +Blink:    It lets you blink.
 U - the ring of Faadonk {rF+ Int+4 Dex+4}
   (You bought it in a shop on level 2 of the Lair of Beasts)

   [ring of protection from fire]

   Int:       It affects your intelligence (+4).
   Dex:       It affects your dexterity (+4).
   rF:        It protects you from fire.
 Z - the necklace of Bloodlust (around neck) {Fury *Rage Will++ Int-3 Slay+6}
   (You bought it in a shop on level 2 of the Lair of Beasts)

   [amulet of nothing]

   Fury:      It extends the wearer's berserk rage when killing foes.
   Int:       It affects your intelligence (-3).
   Slay:      It affects your accuracy & damage with ranged weapons and melee
   (+6).
   *Rage:     It berserks you when you make melee attacks (+50% chance).
   Will:      It greatly increases your willpower.
Wands
 b - a wand of roots (52)
 g - a wand of digging (28)
 h - a wand of flame (110)
 o - a wand of charming (45)
 B - a wand of mindburst (65)
 L - a wand of polymorph (44)
 R - a wand of quicksilver (18)
Scrolls
 c - 12 scrolls of fog
 d - 4 scrolls of revelation
 e - 5 scrolls of fear
 j - 3 scrolls of enchant weapon
 r - 13 scrolls of amnesia
 s - 6 scrolls of immolation
 v - a scroll of teleportation
 w - a scroll of acquirement
 y - 8 scrolls of enchant armour
 A - 5 scrolls of brand weapon
 G - 14 scrolls of vulnerability
 K - 5 scrolls of silence
 P - 7 scrolls of poison
Potions
 p - 3 potions of cancellation
 q - 6 potions of enlightenment
 t - 10 potions of lignification
 u - 4 potions of resistance
 x - 16 potions of attraction
 F - a potion of heal wounds
 I - 7 potions of might
 J - 23 potions of curing
 N - a potion of magic
 Q - 2 potions of mutation
 W - 3 potions of invisibility
 X - a potion of berserk rage
Miscellaneous
 O - a sack of spiders


   Skills:
 O Level 27 Fighting
 O Level 27 Long Blades
 - Level 15.3 Throwing
 O Level 27 Armour
 * Level 14.8 Dodging
 - Level 5.0 Stealth


You had 26 spell levels left.
You didn't know any spells.
Your spell library contained the following spells:

 Spells                   Type           Power      Damage    Failure   Level
 Apportation              Tloc           0%         N/A       86%         1
 Beastly Appendage        Tmut           0%         N/A       86%         1
 Foxfire                  Conj/Fire      0%         2x1d4     86%         1
 Freeze                   Ice            0%         1d3       86%         1
 Kiss of Death            Conj/Necr      0%         2d5       86%         1
 Magic Dart               Conj           0%         1d3       86%         1
 Necrotise                Necr           0%         1d4       86%         1
 Shock                    Conj/Air       0%         1d3       86%         1
 Slow                     Hex            0%         N/A       86%         1
 Sting                    Tmut/Pois      0%         1d3       86%         1
 Summon Small Mammal      Summ           0%         N/A       86%         1
 Cigotuvi's Dreadful Rot  Necr/Pois/Air  0%         N/A       94%         2
 Ensorcelled Hibernation  Hex/Ice        0%         N/A       94%         2
 Lesser Beckoning         Tloc           0%         N/A       94%         2
 Momentum Strike          Conj/Tloc      0%         3d8       94%         2
 Passwall                 Tmut/Erth      0%         N/A       94%         2
 Poisonous Vapours        Pois/Air       0%         N/A       94%         2
 Searing Ray              Conj           0%         2d4       94%         2
 Sublimation of Blood     Necr           0%         N/A       94%         2
 Call Canine Familiar     Summ           0%         N/A       99%         3
 Confusing Touch          Hex            0%         N/A       99%         3
 Dazzling Flash           Conj/Hex       0%         N/A       99%         3
 Frozen Ramparts          Ice            0%         1d1       99%         3
 Gell's Gravitas          Tloc           0%         N/A       99%         3
 Hailstorm                Conj/Ice       0%         3d3       99%         3
 Ignite Poison            Fire/Tmut/Pois 0%         N/A       99%         3
 Inner Flame              Hex/Fire       0%         N/A       99%         3
 Mephitic Cloud           Conj/Pois/Air  0%         N/A       99%         3
 Ozocubu's Armour         Ice            0%         N/A       99%         3
 Spider Form              Tmut/Pois      0%         N/A       99%         3
 Stone Arrow              Conj/Erth      0%         3d7       99%         3
 Summon Guardian Golem    Hex/Summ       0%         N/A       99%         3
 Swiftness                Air            0%         N/A       99%         3
 Teleport Other           Tloc           0%         N/A       99%         3
 Vampiric Draining        Necr           0%         2d6       99%         3
 Volatile Blastmotes      Fire/Tloc      0%         2d10      99%         3
 Airstrike                Air            0%         2d(0-16)  100%        4
 Anguish                  Hex/Necr       0%         N/A       100%        4
 Dispel Undead            Necr           0%         3d6       100%        4
 Flame Wave               Conj/Fire      0%         2d4       100%        4
 Fulminant Prism          Conj/Hex       0%         3d5       100%        4
 Ice Form                 Ice/Tmut       0%         N/A       100%        4
 Iskenderun's Mystic Bla  Conj/Tloc      0%         2d3       100%        4
 Manifold Assault         Tloc           0%         N/A       100%        4
 Olgreb's Toxic Radiance  Pois           0%         N/A       100%        4
 Petrify                  Tmut/Erth      0%         N/A       100%        4
 Sticky Flame             Conj/Fire      0%         2d3       100%        4
 Summon Ice Beast         Ice/Summ       0%         N/A       100%        4
 Summon Lightning Spire   Summ/Air       0%         N/A       100%        4
 Agony                    Necr           0%         N/A       100%        5
 Alistair's Intoxication  Tmut/Pois      0%         N/A       100%        5
 Borgnjor's Vile Clutch   Necr/Erth      0%         N/A       100%        5
 Fireball                 Conj/Fire      0%         3d3       100%        5
 Freezing Cloud           Conj/Ice/Air   0%         6-21      100%        5
 Irradiate                Conj/Tmut      0%         3d11      100%        5
 Iskenderun's Battlesphe  Conj           0%         2d6       100%        5
 Metabolic Englaciation   Hex/Ice        0%         N/A       100%        5
 Silence                  Hex/Air        0%         N/A       100%        5
 Summon Mana Viper        Hex/Summ       0%         N/A       100%        5
 Yara's Violent Unravell  Hex/Tmut       0%         3d3       100%        5
 Conjure Ball Lightning   Conj/Air       0%         3x3d6     100%        6
 Death Channel            Necr           0%         N/A       100%        6
 Dispersal                Tloc           0%         N/A       100%        6
 Eringya's Noxious Bog    Tmut/Pois      0%         N/A       100%        6
 Leda's Unmaking          Conj/Erth      0%         9d1       100%        6
 Statue Form              Tmut/Erth      0%         N/A       100%        6
 Enfeeble                 Hex            0%         N/A       100%        7
 Monstrous Menagerie      Summ           0%         N/A       100%        7
 Orb of Destruction       Conj           0%         9d5       100%        7
 Ozocubu's Refrigeration  Ice            0%         4d7       100%        7
 Spellforged Servitor     Conj/Summ      0%         N/A       100%        7
 Disjunction              Tloc           0%         N/A       100%        8
 Polar Vortex             Ice            0%         N/A       100%        9
 Simulacrum               Ice/Necr       Unusable   N/A       N/A         6

Dungeon Overview and Level Annotations

Branches:
Dungeon (15/15)            Temple (1/1) D:6            Lair (5/5) D:10
  Swamp (4/4) Lair:3       Spider (4/4) Lair:2        Slime (5/5) Lair:4
    Orc (2/2) D:10            Elf (3/3) Orc:2        Vaults (5/5) D:14
  Crypt (3/3) Vaults:2       Tomb (1/3) Crypt:3      Depths (4/4) D:15
   Hell (visited)             Zot (5/5) Depths:4    Ossuary (visited)
 Bailey (visited)         Gauntlet (visited)
    Dis: Hell:1         Geh: Hell:1         Coc: Hell:1         Tar: Hell:1

Altars:
Ashenzari
Cheibriados
Dithmenos
Gozag
Kikubaaqudgha
Nemelex Xobeh
Qazlal
Sif Muna
Trog
Xom
Jiyva

Shops:
D:9 (   D:13 [   Orc:2 [(*=   Elf:1 [   Elf:2 ***:*[   Lair:2 =   Vaults:1 =
Vaults:3 ?(!!   Vaults:4 [   Crypt:3 *   Zot:1 **   Depths:1 =:=*   Depths:3 :

Portals:
Hell: Depths:1 Depths:2 Depths:3 Depths:4
Abyss: Lair:2 Depths:1 Depths:3
Pandemonium: Depths:2 Depths:3
Ziggurat: Depths:3

Annotations:
D:3 Ijyb


Innate Abilities, Weirdness & Mutations

You have claws for hands.
You have hooves in place of feet.
You have a pair of large horns on your head.
A powerful demonic guardian rushes to your aid.
You can hurl damnation.
You are completely covered in sharp spines.
You are resistant to unholy torment.
You punish those that try to bend your will. (Will+)
You sometimes lose your temper in combat.
Your flesh is cold resistant. (rC+)
You are somewhat resistant to further mutation.
You are robust. (+10% HP)
Your muscles are strong. (Str +4, Int/Dex -1)


Message History

Your body is wracked with pain!
Your Brimstone Fiend hits the Tzitzimitl.
Your Brimstone Fiend barely misses the Tzitzimitl.
Your Brimstone Fiend misses the Tzitzimitl.
You carve the Tzitzimitl like a ham!!!
You kill the Tzitzimitl!
Your Brimstone Fiend hits the Hell Sentinel but does no damage.
Your Brimstone Fiend hits the Hell Sentinel.
Your Brimstone Fiend hits the Hell Sentinel!
Unknown command.
You slice the Hell Sentinel!! You kick the Hell Sentinel!!
You headbutt the Hell Sentinel!
The Hell Sentinel is heavily wounded.
The Hell Sentinel hits you!
The Hell Sentinel hits you but does no damage.
Your Brimstone Fiend hits the Hell Sentinel.
Your Brimstone Fiend hits the Hell Sentinel but does no damage.
Your Brimstone Fiend hits the Hell Sentinel!
You strike the helpless Hell Sentinel from behind!
You hit the Hell Sentinel but do no damage.
You kick the Hell Sentinel!
The Hell Sentinel is severely wounded.
The Hell Sentinel is struck by your spines.
The Hell Sentinel hits you but does no damage.
The Hell Sentinel hits you.
Your Brimstone Fiend hits the Hell Sentinel but does no damage. x3
You slice the Hell Sentinel!! You kick the Hell Sentinel!
You kill the Hell Sentinel!
Unknown command.
You now have 2430 gold pieces (gained 59).
You feel yourself speed up.
There is a staircase leading out of the dungeon here.
What are your orders? t - Shout!
Orders for allies: a - Attack new target. r - Retreat! s - Stop attacking. g - Guard the area. f - Follow me.
Anything else - Cancel.
You shout for attention!
You have escaped!

..>...................#
#......
##########.#.#######..#
#...... #............#
#...... ##...≈≈......#
#...... #...≈≈......#
#...... ###......##.#
#...... #.####.##.#
#...... #.#..1.##.###
#...... ###.@.###...#
######. ## #...# ###.#
#..... .# ##### #.#
#.###. .############
######.# #.# #.
.#..........# #....#.#
#.# #. .#..........#
#....#.####.# #.
.#..........#
#..$.#.#....# #.
.#..........#
###....#$#.######.
.#..........#
#....$$.>.........


You could see a friendly Brimstone Fiend (summoned).

Vanquished Creatures
  Dissolution (Slime:2)
  the Royal Jelly (Slime:5)
  4 dread liches
  3 orbs of fire (Zot:5)
  5 ancient liches
  Mara (Vaults:5)
  3 juggernauts
  The ghost of Joggorr the Slayer, a veteran OgBe of Trog (Zot:1)
  2 royal mummies (Tomb:1)
  Sojobo (Vaults:2)
  the Lernaean hydra (Swamp:4)
  Vv (Depths:2)
  8 Killer Klowns
  Saint Roka (Vaults:3)
  4 curse toes
  13 golden dragons
  A profane servitor (Abyss:4)
  Geryon (Hell)
  Jory (Vaults:5)
  5 bone dragons
  Arachne (Spider:2)
  Nikola (Spider:3)
  A Tzitzimitl (D:1)
  A pearl dragon (Abyss:4)
  4 doom hounds
  A Brimstone Fiend (D:6)
  2 Hell Sentinels
  Jorgrun (Spider:2)
  5 electric golems
  23 Orb Guardians
  10 quicksilver dragons
  3 titans
  15 tentacled monstrosities
  4 deep elf master archers (Elf:3)
  A walking divine tome (Depths:3)
  9 liches
  3 searing wretches (Depths:1)
  A walking frostbound tome (Depths:3)
  18 tentacled starspawn
  3 deep elf blademasters
  9 death cobs
  23 acid blobs
  An ancient champion (Crypt:1)
  3 Executioners
  15 sphinxes
  Gastronok (Lair:1)
  Agnes (D:15)
  A thorn hunter (Swamp:1)
  Kirke (D:15)
  9 shadow dragons
  2 pandemonium lords
  Frances (Spider:2)
  9 storm dragons
  11 tengu reavers
  A demonspawn warmonger (D:1)
  5 revenants
  Donald (Spider:3)
  A fire giant (shapeshifter) (Zot:4)
  A fenstrider witch (Swamp:1)
  10 azure jellies
  Roxanne (D:14)
  16 rockslimes
  5 draconian monks
  2 daevas (Abyss:3)
  7 deep elf sorcerers
  9 fire giants
  2 draconian knights
  16 vault wardens
  An iron dragon (Vaults:5)
  3 emperor scorpions
  Louise (Spider:2)
  7 ghost moths
  6 frost giants
  A shard shrike simulacrum (Tomb:1)
  3 draconian scorchers (Abyss:2)
  2 deep elf elementalists (Elf:3)
  5 draconian shifters
  2 balrugs
  2 cacodemons (Abyss:2)
  3 curse skulls
  7 reapers
  A spriggan defender (Depths:2)
  4 draconian stormcallers
  2 draconian annihilators
  10 ghouls
  15 ironbound preservers
  3 orc warlords
  19 quicksilver oozes
  26 very ugly things
  9 stone giants
  A caustic shrike skeleton (Crypt:3)
  4 formless jellyfish
  A demonspawn blood saint (D:1)
  3 ironbound thunderhulks
  11 green draconians
  9 war gargoyles
  5 deep elf annihilators (Elf:3)
  8 vampire knights
  An eleionoma (Swamp:4)
  The ghost of IYTBazzie the Eclecticist, a journeyman MeEE of Jiyva (Lair:2)
  5 deep elf demonologists
  7 dire elephants
  9 black draconians
  3 lorocyprocas
  A minotaur (Gauntlet)
  5 purple draconians
  10 white draconians
  4 eidola
  8 spark wasps
  6 yellow draconians
  4 red draconians
  A green death (Abyss:3)
  Snorg (D:14)
  5 bunyips
  7 deep elf death magi
  6 ettins
  5 deep elf high priests
  A shambling mangrove (Swamp:1)
  14 great orbs of eyes
  8 jiangshi
  Fannar (D:11)
  10 yaktaur captains
  6 blizzard demons
  4 crystal guardians
  6 fire dragons
  6 mummy priests (Tomb:1)
  Josephine (Lair:5)
  A quicksilver dragon skeleton (Crypt:3)
  37 vault guards
  A great orb of eyes (shapeshifter) (Vaults:5)
  8 ice dragons
  2 caustic shrike simulacra
  13 hydras
  9 rakshasas
  5 peacekeepers
  3 ghost crabs
  4 catoblepae (Lair:5)
  An Orb Guardian zombie (Crypt:2)
  5 spriggan air magi
  A fenstrider witch skeleton (Crypt:3)
  2 jorogumos
  13 centaur warriors
  A death knight (Crypt:1)
  10 ironbound frosthearts
  A spriggan skeleton (Crypt:3)
  4 two-headed ogres
  2 radroaches
  A deep troll shaman (Depths:3)
  15 tengu warriors
  33 dancing weapons
  3 alligators
  5 boulder beetles
  8 death scarabs (Tomb:1)
  8 deep troll earth magi
  6 vampire magi
  2 hell hogs
  Urug (D:13)
  14 demonic crawlers
  An Orb Guardian skeleton (Crypt:2)
  2 spriggan berserkers
  An orc high priest (Orc:2)
  14 death yaks (Lair:5)
  19 thrashing horrors
  A storm dragon zombie (Depths:1)
  11 hell knights
  2 titan zombies
  7 sun demons
  19 deep elf knights
  8 sixfirhies
  10 iron trolls
  A golden dragon zombie (Crypt:3)
  A fire crab (shapeshifter) (Vaults:5)
  4 skysharks
  A death drake (shapeshifter) (Vaults:5)
  2 iron giant zombies
  5 pharaoh ants
  2 sun moths
  17 wretched stars
  3 glowing orange brains
  2 goliath frogs
  3 spatial maelstroms
  4 spriggan druids
  18 skeletal warriors
  11 bog bodies
  2 shadow wraiths
  11 swamp dragons
  3 flayed ghosts
  A ghost moth zombie (Crypt:1)
  45 deep trolls
  A death drake (Abyss:2)
  A shadow dragon zombie (Crypt:1)
  An orange crystal statue (Abyss:3)
  2 obsidian statues
  12 orb spiders
  A swamp dragon (shapeshifter) (Vaults:3)
  12 deep elf archers
  A glowing orange brain (shapeshifter) (Vaults:5)
  A shadow demon (Abyss:4)
  Pikel (D:9)
  6 steelbarb worms
  29 deep elf pyromancers
  8 wizards
  6 lindwurms
  13 ironbound convokers
  12 orc knights
  An oklob plant (Lair:2)
  9 harpies
  A fenstrider witch simulacrum (Crypt:2)
  18 necromancers
  An anaconda skeleton (Crypt:3)
  7 phantasmal warriors
  19 deep elf zephyrmancers
  A sphinx zombie (Vaults:5)
  41 ugly things
  A shadow dragon skeleton (Crypt:2)
  21 wolf spiders
  4 cyclopes
  7 orc sorcerers
  5 shining eyes
  A cyclops (shapeshifter) (Vaults:5)
  A fire giant zombie (D:15)
  7 manticores
  Maurice (D:10)
  2 worldbinders
  35 elephants
  A sphinx skeleton (Depths:1)
  A tengu skeleton (D:15)
  A shining eye (shapeshifter) (Depths:4)
  30 moths of wrath
  3 will-o-the-wisps
  5 rust devils
  3 black mambas
  4 apocalypse crabs
  A dire elephant zombie (Crypt:3)
  3 centaur zombies
  A toenail golem (Depths:4)
  An iron dragon skeleton (Crypt:2)
  6 eyes of devastation
  4 orange demons
  18 vault sentinels
  3 gargoyles
  2 stone giant skeletons
  6 torpor snails
  7 smoke demons
  Maggie (D:10)
  13 cane toads
  A death yak zombie (Crypt:1)
  A cane toad (shapeshifter) (Elf:1)
  2 hellions
  3 rime drakes
  6 unseen horrors
  10 komodo dragons
  3 kobold demonologists (D:13)
  22 yaktaurs
  3 efreet
  An ice devil (D:15)
  A komodo dragon (shapeshifter) (Depths:4)
  A centaur skeleton (Crypt:3)
  6 freezing wraiths
  A spriggan zombie (Depths:1)
  A yellow draconian skeleton (Crypt:2)
  A tormentor (Abyss:2)
  An alligator snapping turtle skeleton (Crypt:1)
  A hydra zombie (Crypt:3)
  A death drake zombie (Crypt:1)
  A red devil (Depths:3)
  A black draconian skeleton (Crypt:1)
  2 tengu conjurers
  4 trolls
  17 meliai
  A polar bear (Lair:4)
  Prince Ribbit (Bailey)
  8 guardian mummies (Tomb:1)
  A harpy zombie (Crypt:1)
  19 hornets
  A queen bee (Spider:3)
  15 ancient zymes
  13 tyrant leeches
  Grinder (D:3)
  3 harpy skeletons
  A tarantella (shapeshifter) (Depths:1)
  16 blink frogs
  A blink frog (shapeshifter) (Zot:4)
  33 raiju
  20 tarantellas
  An ettin zombie (D:15)
  28 jumping spiders
  5 shadows
  73 slime creatures
  54 flying skulls
  A vampire (D:14)
  2 air elementals
  A centaur simulacrum (D:14)
  52 large abominations
  11 spriggans
  3 ynoxinuls
  A culicivora (shapeshifter) (D:14)
  64 yaks
  20 culicivoras
  7 water elementals
  2 fire dragon skeletons
  10 wyverns
  4 fire elementals
  9 neqoxecs
  16 wraiths
  4 ushabtiu (Tomb:1)
  16 humans
  Eustachio (D:4)
  2 fire bats (Abyss:2)
  16 vampire mosquitoes
  A dire elephant simulacrum (Crypt:2)
  39 starcursed masses
  4 hogs (D:15)
  An ettin skeleton (Abyss:2)
  8 chaos spawn
  A basilisk (shapeshifter) (D:15)
  6 basilisks
  8 golden eyes
  60 redbacks
  13 swamp worms
  2 steam dragons
  2 demonspawn zombies
  4 spatial vortices
  3 wargs
  A two-headed ogre zombie (D:10)
  A naga zombie (Crypt:3)
  15 water moccasins
  49 small abominations
  A floating eye (Slime:4)
  5 hell hounds (Abyss:3)
  9 swamp drakes
  25 orc warriors
  2 sky beasts (D:6)
  2 ice beasts
  A black bear (shapeshifter) (D:15)
  6 black bears
  2 spriggan simulacra
  A boggart (D:14)
  11 ogres
  16 wolves
  8 centaurs
  5 elf zombies
  A lemure (D:9)
  Blork the orc (Orc:2)
  2 kobold brigands
  A draconian zombie (Crypt:2)
  5 necrophages
  15 bullfrogs
  5 earth elementals
  A naga simulacrum (Abyss:3)
  4 scorpions
  9 wights
  A water moccasin zombie (Crypt:1)
  2 troll zombies (D:10)
  14 killer bees
  A troll skeleton (Crypt:1)
  2 howler monkeys
  8 electric eels
  A shapeshifter skeleton (Crypt:2)
  4 crimson imps (D:15)
  7 quasits
  4 human zombies (Ossuary)
  6 hounds
  4 jellies
  2 gnoll boudas
  14 orc priests
  3 iron imps (Abyss:2)
  2 sleepcaps
  Natasha (thrice) (D:4)
  5 iguanas
  23 orc wizards
  A black bear skeleton (Crypt:2)
  5 ogre zombies (D:10)
  14 mummies
  23 gnolls
  6 adders
  A shadow imp (D:5)
  15 white imps
  7 ufetubi
  3 adder zombies (Ossuary)
  A lava snake skeleton (Crypt:1)
  3 worms
  5 dart slugs
  55 orcs
  6 bats
  6 endoplasms
  3 giant cockroaches (D:2)
  8 hobgoblins
  2 jackals (D:5)
  3 quokkas
  3 ball pythons
  4 frilled lizards (D:3)
  16 goblins
  2 goblin skeletons (D:10)
  11 goblin zombies
  A hobgoblin skeleton (D:10)
  4 hobgoblin zombies
  4 jackal zombies (Ossuary)
  18 kobolds
  2 kobold zombies (Ossuary)
  2 orc skeletons (D:10)
  17 orc zombies
  4 quokka zombies (Ossuary)
  6 rats
  3 rat zombies (Ossuary)
  2 lurking horrors
  11 starspawn tentacles
2870 creatures vanquished.

Vanquished Creatures (collateral kills)
  The ghost of Pet Giop the Slayer, a veteran OgBe of Trog (Zot:4)
  A Killer Klown (Zot:3)
  2 Orb Guardians (Zot:5)
  A lich (D:13)
  A titan (Vaults:5)
  A quicksilver dragon (Vaults:2)
  A tengu reaver (Vaults:3)
  A storm dragon (Zot:2)
  A vault warden (Vaults:3)
  A draconian shifter (Zot:3)
  An angel (Zot:4)
  A war gargoyle (Vaults:2)
  An ironbound thunderhulk (Vaults:4)
  A white draconian (Zot:5)
  3 slime creatures
  A crystal guardian (Vaults:2)
  A mummy priest (Tomb:1)
  2 yaktaur captains
  A great orb of eyes (Slime:1)
  A spriggan air mage (Depths:3)
  An ironbound frostheart (Vaults:3)
  A titan zombie (Crypt:2)
  A deep elf knight (Elf:2)
  A skeletal warrior (Crypt:1)
  A swamp dragon (Swamp:4)
  2 ironbound convokers
  2 necromancers
  A large abomination (Abyss:2)
  A moth of wrath (Zot:4)
  2 elephants (Lair:4)
  A vault sentinel (Vaults:3)
  A hellion (Abyss:2)
  5 yaktaurs
  A guardian mummy (Tomb:1)
  A raiju (Abyss:4)
  A flying skull (Abyss:3)
  2 yaks (Lair:4)
  A chaos spawn (Zot:4)
  A human (Zot:3)
  A swamp drake (Swamp:4)
  An orc warrior (Orc:2)
  A kobold brigand (D:8)
  A bullfrog (D:7)
  A wight (D:7)
  An orc priest (D:9)
  An orc wizard (D:9)
  2 gnolls (D:4)
  3 orcs
  2 goblins (D:8)
  2 kobolds
  A butterfly (Zot:4)
68 creatures vanquished.

Vanquished Creatures (others)
  A dread lich (Zot:5)
  2 Killer Klowns (Zot:5)
  2 tentacled monstrosities
  2 sphinxes (Vaults:3)
  A tengu reaver (Vaults:2)
  A vault warden (Vaults:4)
  An ironbound preserver (Vaults:2)
  3 angels
  2 ironbound thunderhulks
  2 black draconians (Zot:3)
  A deep elf annihilator (Vaults:3)
  2 ettins (Vaults:3)
  2 yaktaur captains (Vaults:2)
  2 centaur warriors (Vaults:2)
  A deep elf knight (Elf:1)
  A sixfirhy (Hell)
  4 deep trolls (Vaults:2)
  4 ironbound convokers
  A phantasmal warrior (Vaults:2)
  A shadow dragon zombie (Vaults:5)
  A wizard (Vaults:3)
  2 ugly things (Vaults:3)
  2 vault sentinels (Vaults:3)
  A yaktaur (Vaults:2)
  2 bloated husks
  A ynoxinul (Abyss:2)
  6 golden eyes (Abyss:2)
  2 orc warriors (Vaults:3)
  4 small abominations (Abyss:2)
  A white imp (Abyss:2)
  3 orcs (Vaults:3)
  8 foxfires (Swamp:3)
  3 lurking horrors
  26 starspawn tentacles
98 creatures vanquished.

Grand Total: 3036 creatures vanquished

Notes
Turn   | Place    | Note
-------+----------+-------------------------------------------
     0 | D:5      | LobsterGuardian the Demonspawn Delver began the quest for
                  | the Orb.
     0 | D:5      | Reached XP level 1. HP: 18/18 MP: 1/1
     9 | D:5      | Noticed an ogre
   132 | D:4      | Noticed a hound
   220 | D:3      | Found a sparkling altar of Nemelex Xobeh.
   362 | D:1      | Discovered your monstrous ancestry.
   362 | D:1      | Gained mutation: You have large cloven feet. [demonic
                  | ancestry]
   362 | D:1      | Reached XP level 2. HP: 23/24 MP: 2/2
   722 | D:1      | Reached skill level 5 in Stealth
   966 | D:2      | Gained mutation: You are partially covered in sharp spines.
                  | [demonic ancestry]
   966 | D:2      | Reached XP level 3. HP: 29/29 MP: 3/3
  1421 | D:3      | Reached XP level 4. HP: 15/35 MP: 4/4
  1532 | D:3      | Gained mutation: A weak demonic guardian rushes to your
                  | aid. [demonic ancestry]
  1532 | D:3      | Reached XP level 5. HP: 40/41 MP: 5/5
  1632 | D:3      | Noticed Grinder
  1647 | D:3      | Killed Grinder
  1648 | D:3      | Reached skill level 5 in Long Blades
  1648 | D:3      | Gained mutation: You are mostly covered in sharp spines.
                  | [demonic ancestry]
  1648 | D:3      | Reached XP level 6. HP: 31/47 MP: 6/6
  1931 | D:3      | Noticed Ijyb
  2514 | D:4      | Noticed an ice beast
  2522 | D:4      | Killed an ice beast
  2523 | D:4      | Reached XP level 7. HP: 52/52 MP: 7/7
  3246 | D:4      | Noticed Eustachio
  3269 | D:4      | Killed Eustachio
  3419 | D:4      | Noticed Natasha
  3427 | D:4      | Killed Natasha
  3561 | D:5      | Gained mutation: You are vulnerable to heat. (rF-) [potion
                  | of mutation]
  3561 | D:5      | Gained mutation: Your natural rate of healing is unusually
                  | fast. [potion of mutation]
  3561 | D:5      | Gained mutation: You are robust. (+10% HP) [potion of
                  | mutation]
  3561 | D:5      | Gained mutation: Your system is resistant to poisons.
                  | (rPois) [potion of mutation]
  3602 | D:5      | Reached skill level 1 in Armour
  3602 | D:5      | Gained mutation: You have a pair of small horns on your
                  | head. [demonic ancestry]
  3602 | D:5      | Reached XP level 8. HP: 59/63 MP: 8/8
  4743 | D:6      | Gained mutation: You have sharp fingernails. [demonic
                  | ancestry]
  4743 | D:6      | Reached XP level 9. HP: 70/71 MP: 9/9
  5293 | D:6      | Found a staircase to the Ecumenical Temple.
  5311 | Temple   | Entered the Ecumenical Temple
  5331 | Temple   | Became a worshipper of Gozag Ym Sagoz the Greedy
  5542 | D:7      | Reached skill level 10 in Long Blades
  5930 | D:4      | Noticed Natasha
  5939 | D:4      | Killed Natasha
  5946 | D:4      | Noticed Natasha
  5950 | D:4      | Killed Natasha
  6216 | D:7      | Reached skill level 5 in Dodging
  6466 | D:7      | Reached skill level 5 in Fighting
  6776 | D:7      | Identified a scroll of acquirement
  6776 | D:7      | Acquired a +3 triple sword of electrocution
  6825 | D:8      | Found a flagged portal.
  6851 | Bailey   | Entered a bailey
  6861 | Bailey   | Reached XP level 10. HP: 75/81 MP: 10/10
  7029 | Bailey   | Noticed a vault guard
  7029 | Bailey   | Noticed Prince Ribbit
  7036 | Bailey   | Killed Prince Ribbit
  7040 | Bailey   | Killed a vault guard
  7105 | Bailey   | Noticed a vault guard
  7115 | Bailey   | Killed a vault guard
  7198 | D:8      | Gained mutation: You have very sharp fingernails. [demonic
                  | ancestry]
  7198 | D:8      | Reached XP level 11. HP: 42/89 MP: 11/11
  7200 | D:8      | Found a sand-covered staircase.
  7207 | Ossuary  | Entered an ossuary
  7592 | D:8      | Found a bloodstained altar of Trog.
  7808 | D:8      | Found a shimmering altar of Xom.
  8136 | D:9      | Got the Volume of the Last People
  8245 | D:9      | Noticed a deep elf pyromancer
  8256 | D:9      | Killed a deep elf pyromancer
  8311 | D:9      | Noticed an orc knight
  8312 | D:9      | Noticed a tengu warrior
  8321 | D:9      | Killed an orc knight
  8326 | D:9      | Killed a tengu warrior
  8332 | D:9      | Identified the +4 orcbow of Perversion {drain, Stlth+}
  8473 | D:9      | Noticed Pikel
  8481 | D:9      | Killed Pikel
  8563 | D:9      | Noticed a two-headed ogre
  8569 | D:9      | Killed a two-headed ogre
  8614 | D:9      | Found Coorph's Weapon Shop.
  9060 | D:10     | Entered Level 10 of the Dungeon
  9201 | D:10     | Noticed Maurice
  9221 | D:10     | Killed Maurice
  9222 | D:10     | Reached skill level 5 in Armour
  9270 | D:10     | Identified the +3 mace of the Skies Above {drain, rElec
                  | Str+3}
  9325 | D:10     | Found a staircase to the Lair.
  9356 | D:10     | Found a snail-covered altar of Cheibriados.
  9463 | D:10     | Found a staircase to the Orcish Mines.
  9571 | D:10     | Noticed Maggie
  9585 | D:10     | Killed Maggie
  9586 | D:10     | Reached XP level 12. HP: 93/100 MP: 12/12
 10005 | D:10     | Identified the +7 falchion of Giogh {vamp, Stlth+}
 10041 | D:10     | Found an ancient bone altar of Kikubaaqudgha.
 10813 | D:11     | Noticed Fannar
 10822 | D:11     | Killed Fannar
 10848 | D:11     | Found a shimmering blue altar of Sif Muna.
 11146 | Lair:1   | Entered Level 1 of the Lair of Beasts
 11151 | Lair:1   | Found a gate leading to a gauntlet.
 11172 | Gauntlet | Entered a Gauntlet
 11172 | Gauntlet | Found a transporter.
 11181 | Gauntlet | Found a transporter.
 11201 | Gauntlet | Found a transporter.
 11205 | Gauntlet | Found a transporter.
 11221 | Gauntlet | Found a transporter.
 11233 | Gauntlet | Found a runed translucent door.
 11234 | Gauntlet | Found a transporter.
 11235 | Gauntlet | Found a runed translucent door.
 11247 | Gauntlet | Found a transporter.
 11266 | Gauntlet | Found a transporter.
 11270 | Gauntlet | Found a transporter.
 11275 | Gauntlet | Noticed a green death
 11281 | Gauntlet | Found a transporter.
 11295 | Gauntlet | Noticed a dire elephant
 11304 | Gauntlet | Found a transporter.
 11306 | Gauntlet | Found a transporter.
 11405 | Gauntlet | Identified the +1 pair of gloves "Rugg" {Dex+7 Stlth+}
 11423 | Gauntlet | Identified the +0 pair of boots of Uskayaw's Hope {-Cast
                  | Harm Will+ Dex+8}
 11437 | Gauntlet | Noticed a minotaur
 11456 | Gauntlet | Killed a minotaur
 11457 | Gauntlet | Reached skill level 15 in Long Blades
 11884 | Lair:1   | Noticed Gastronok
 11891 | Lair:1   | Killed Gastronok
 11892 | Lair:1   | Acquired 634 gold pieces
 12132 | Lair:1   | Identified the +1 robe of an ice cave {rC+ Str+4}
 12584 | Lair:2   | Gained mutation: You have hoof-like feet. [demonic
                  | ancestry]
 12584 | Lair:2   | Reached XP level 13. HP: 106/110 MP: 13/13
 12683 | Lair:2   | Found a transporter.
 12971 | Lair:2   | Found a transporter.
 12986 | Lair:2   | Noticed IYTBazzie's ghost (journeyman MeEE)
 13134 | Lair:2   | Found a hole to the Spider Nest.
 14249 | Lair:3   | Found a staircase to the Swamp.
 14568 | Lair:4   | Reached skill level 10 in Dodging
 14588 | Lair:4   | Noticed a dire elephant
 14718 | Lair:4   | Reached skill level 10 in Fighting
 14965 | Lair:4   | Killed a dire elephant
 14966 | Lair:4   | Gained mutation: You are completely covered in sharp
                  | spines. [demonic ancestry]
 14966 | Lair:4   | Reached XP level 14. HP: 93/121 MP: 14/14
 15443 | Lair:4   | Found a viscous altar of Jiyva.
 15443 | Lair:4   | Found a staircase to the Slime Pits.
 15459 | Lair:5   | Entered Level 5 of the Lair of Beasts
 15509 | Lair:5   | Identified the +1 hand axe of Demonkind {drain, rN++ Str+3
                  | Int+2 Stlth-}
 15546 | Lair:5   | Noticed Josephine
 15562 | Lair:5   | Killed Josephine
 16193 | Lair:5   | Gained mutation: You have hooves in place of feet. [demonic
                  | ancestry]
 16193 | Lair:5   | Reached XP level 15. HP: 130/130 MP: 15/15
 16270 | Lair:5   | Identified the +6 sling of Dissent {heavy, rCorr Int+6}
 16789 | Orc:1    | Entered Level 1 of the Orcish Mines
 17238 | Orc:2    | Entered Level 2 of the Orcish Mines
 17584 | Orc:2    | Paralysed by an orc sorcerer for 2 turns
 17596 | Orc:2    | Noticed Blork the orc
 17598 | Orc:2    | Found Efoxauh's Antique Weapon Boutique.
 17600 | Orc:2    | Killed Blork the orc
 17768 | Orc:2    | Found Bicw's Antique Armour Boutique.
 17785 | Orc:2    | Found Plog's General Store.
 17932 | Orc:2    | Found a staircase to the Elven Halls.
 18088 | Orc:2    | Found Jul Vee's Jewellery Boutique.
 19203 | D:13     | Noticed Urug
 19218 | D:13     | Killed Urug
 19652 | D:14     | Identified Roxanne's Quarto of Teratogeny
 19652 | D:14     | Noticed Roxanne
 19670 | D:14     | Killed Roxanne
 19742 | D:14     | Found a gate to the Vaults.
 19901 | D:14     | Noticed Snorg
 19911 | D:14     | Killed Snorg
 20366 | D:14     | Noticed a shadow dragon
 20380 | D:14     | Killed a shadow dragon
 20418 | D:13     | Bought the +9 plate armour of the Salmon {rF+ Regen+} for
                  | 1312 gold pieces
 20658 | D:14     | Identified the +1 hand axe of Watchfulness {speed, Str+4
                  | Dex+3 Stlth+}
 20661 | D:14     | Got the Almanac of Combat Magic and the Quake
 20694 | D:14     | Paralysed by a great orb of eyes for 3 turns
 20739 | D:15     | Entered Level 15 of the Dungeon
 20779 | D:15     | Gained mutation: You have a pair of horns on your head.
                  | [demonic ancestry]
 20779 | D:15     | Reached XP level 16. HP: 118/139 MP: 16/16
 20861 | D:15     | Found a staircase to the Depths.
 21076 | D:15     | Noticed Kirke
 21090 | D:15     | Killed Kirke
 21286 | D:15     | Noticed Agnes
 21291 | D:15     | Killed Agnes
 21302 | D:15     | Identified the +3 flail of LobsterGuardian's Doom {drain,
                  | Str+4 Int+3}
 21587 | Swamp:1  | Entered Level 1 of the Swamp
 22030 | Swamp:1  | Noticed a thorn hunter
 22141 | Swamp:1  | Killed a thorn hunter
 22590 | Swamp:2  | Identified the +3 ring mail of the Salmon {rF+}
 23523 | Swamp:4  | Entered Level 4 of the Swamp
 23691 | Swamp:4  | Gained mutation: You have a pair of large horns on your
                  | head. [demonic ancestry]
 23691 | Swamp:4  | Reached XP level 17. HP: 141/148 MP: 17/17
 23924 | Swamp:4  | Noticed the 27-headed Lernaean hydra
 24092 | Spider:1 | Entered Level 1 of the Spider Nest
 24159 | Lair:2   | Bought the ring of Faadonk {rF+ Int+4 Dex+4} for 927 gold
                  | pieces
 24159 | Lair:2   | Bought the necklace of Bloodlust {Fury *Rage Will++ Int-3
                  | Slay+6} for 860 gold pieces
 24159 | Lair:2   | Found the necklace of Bloodlust {Fury *Rage Will++ Int-3
                  | Slay+6}
 25431 | Spider:2 | Noticed Louise
 25439 | Spider:2 | Killed Louise
 25634 | Spider:2 | Noticed Arachne
 25650 | Spider:2 | Killed Arachne
 25788 | Spider:2 | Noticed Jorgrun
 25794 | Spider:2 | Killed Jorgrun
 26145 | Spider:2 | Noticed Frances
 26153 | Spider:2 | Killed Frances
 26160 | Spider:2 | Reached skill level 10 in Armour
 26892 | Spider:3 | Noticed Donald
 26901 | Spider:3 | Killed Donald
 27219 | Spider:3 | Noticed Nikola
 27230 | Spider:3 | Killed Nikola
 27711 | Spider:4 | Entered Level 4 of the Spider Nest
 27909 | Spider:4 | Gained mutation: A demonic guardian rushes to your aid.
                  | [demonic ancestry]
 27909 | Spider:4 | Reached XP level 18. HP: 161/161 MP: 0/18
 28985 | Spider:4 | Reached skill level 15 in Fighting
 29011 | Spider:4 | Identified the +0 pair of boots of Dawn {Dex+3}
 29036 | Spider:4 | Got a gossamer rune of Zot
 29627 | Vaults:1 | Entered Level 1 of the Vaults
 29679 | Vaults:1 | Bought the ring "Postud" {rCorr Slay+4} for 1540 gold
                  | pieces
 30762 | Vaults:2 | Found a flickering gateway to a bazaar.
 30775 | Bazaar   | Entered a bazaar
 30775 | Bazaar   | Found Qiuts's Armour Emporium.
 30776 | Bazaar   | Found Qulenwur's Jewellery Boutique.
 30778 | Bazaar   | Found Cahalawn's Assorted Antiques.
 30788 | Bazaar   | Found Togh's Distillery.
 30803 | Bazaar   | Found Materofy's Weapon Shop.
 31112 | Vaults:2 | Noticed Sojobo
 31168 | Vaults:2 | Identified the +10 spear of the Bursted God {spect, Will+}
 31169 | Vaults:2 | Identified the +10 spear of the Bursted God {spect, Will+}
 31172 | Vaults:2 | Identified the +3 leather armour of Past Mistakes {Harm
                  | *Slow rC+ Regen+}
 31173 | Vaults:2 | Identified the +1 leather armour of Leapfrog {+Inv rN+}
 31184 | Vaults:2 | Identified the +0 pair of boots of Ralyatap {+Blink MP-9
                  | Int+3 Dex+2}
 31451 | Vaults:2 | Found a staircase to the Crypt.
 31965 | Vaults:3 | Found Saifu's Distillery.
 31997 | Vaults:3 | Reached XP level 19. HP: 126/172 MP: 19/19
 32086 | Vaults:3 | Found Qulock's Antique Weapon Boutique.
 32519 | Vaults:3 | Noticed Saint Roka
 32552 | Vaults:3 | Reached skill level 15 in Armour
 32822 | Vaults:3 | Upgraded the game from 0.31-a0-182-gc5ef74bbde to
                  | 0.31-a0-187-gba352fbbf7
 32837 | Vaults:3 | Found the +8 storm bow {elec, penet}
 32931 | Vaults:3 | Found Kuodwis's Magic Scroll Shop.
 32935 | Vaults:3 | Bought a scroll of teleportation for 57 gold pieces
 32935 | Vaults:3 | Bought a scroll of teleportation for 57 gold pieces
 33573 | Vaults:4 | Found Wacur's Antique Armour Emporium.
 33758 | Vaults:4 | Paralysed by a formless jellyfish for 1 turns
 34218 | Vaults:4 | Identified the -2 pair of gloves "Poddakle" {Stlth+}
 34546 | Vaults:2 | Gained mutation: You have claws for hands. [demonic
                  | ancestry]
 34546 | Vaults:2 | Reached XP level 20. HP: 125/185 MP: 20/20
 34551 | Vaults:2 | Paralysed by an air elemental for 1 turns
 34556 | Vaults:2 | Paralysed by an air elemental for 1 turns
 34561 | Vaults:2 | Paralysed by an air elemental for 1 turns
 34563 | Vaults:2 | Paralysed by an air elemental for 1 turns
 34565 | Vaults:2 | Paralysed by an air elemental for 1 turns
 34572 | Vaults:2 | Killed Sojobo
 34850 | Slime:1  | Entered Level 1 of the Pits of Slime
 34869 | Slime:1  | Gained mutation: Potions are less effective at restoring
                  | your health. [a shining eye]
 34874 | Slime:1  | Gained mutation: Your body sometimes deteriorates upon
                  | taking damage. [a shining eye]
 34878 | Slime:1  | Lost mutation: You are robust. (+10% HP) [a shining eye]
 34962 | Slime:1  | Gained mutation: Armour fits poorly on your strangely
                  | shaped body. [a shining eye]
 34965 | Slime:1  | Gained mutation: You occasionally lose the ability to drink
                  | potions when taking damage. [a shining eye]
 34966 | Slime:1  | Gained mutation: You are weak. (Str -2) [a shining eye]
 35222 | Slime:2  | Noticed Dissolution
 35232 | Slime:2  | Killed Dissolution
 35383 | Slime:2  | Lost mutation: Armour fits poorly on your strangely shaped
                  | body. [potion of mutation]
 35383 | Slime:2  | Lost mutation: You are vulnerable to heat. (rF-) [potion of
                  | mutation]
 35383 | Slime:2  | Lost mutation: Potions are less effective at restoring your
                  | health. [potion of mutation]
 35383 | Slime:2  | Gained mutation: You sometimes lose your temper in combat.
                  | [potion of mutation]
 35383 | Slime:2  | Gained mutation: Your mind is acute. (Int +4, Str/Dex -1)
                  | [potion of mutation]
 35384 | Slime:2  | Lost mutation: You are weak. (Str -2) [potion of mutation]
 35384 | Slime:2  | Lost mutation: Your system is resistant to poisons. (rPois)
                  | [potion of mutation]
 35384 | Slime:2  | Lost mutation: Your natural rate of healing is unusually
                  | fast. [potion of mutation]
 35384 | Slime:2  | Lost mutation: You sometimes lose your temper in combat.
                  | [potion of mutation]
 35384 | Slime:2  | Gained mutation: Your magical capacity is low. (-10% MP)
                  | [potion of mutation]
 35384 | Slime:2  | Gained mutation: Your muscles are strong. (Str +4, Int/Dex
                  | -1) [potion of mutation]
 35385 | Slime:2  | Lost mutation: Your muscles are strong. (Str +4, Int/Dex
                  | -1) [potion of mutation]
 35385 | Slime:2  | Lost mutation: Your magical capacity is low. (-10% MP)
                  | [potion of mutation]
 35385 | Slime:2  | Lost mutation: You occasionally lose the ability to drink
                  | potions when taking damage. [potion of mutation]
 35385 | Slime:2  | Gained mutation: You are robust. (+10% HP) [potion of
                  | mutation]
 35385 | Slime:2  | Gained mutation: Your muscles are strong. (Str +4, Int/Dex
                  | -1) [potion of mutation]
 35386 | Slime:2  | Lost mutation: You are robust. (+10% HP) [potion of
                  | mutation]
 35386 | Slime:2  | Lost mutation: Your mind is acute. (Int +4, Str/Dex -1)
                  | [potion of mutation]
 35386 | Slime:2  | Lost mutation: Your body sometimes deteriorates upon taking
                  | damage. [potion of mutation]
 35386 | Slime:2  | Gained mutation: Your magical capacity is low. (-10% MP)
                  | [potion of mutation]
 35386 | Slime:2  | Gained mutation: You are partially covered in iridescent
                  | scales. (AC +2) [potion of mutation]
 35386 | Slime:2  | Gained mutation: You occasionally lose the ability to read
                  | scrolls when taking damage. [potion of mutation]
 35387 | Slime:2  | Lost mutation: You are partially covered in iridescent
                  | scales. (AC +2) [potion of mutation]
 35387 | Slime:2  | Lost mutation: Your muscles are strong. (Str +4, Int/Dex
                  | -1) [potion of mutation]
 35387 | Slime:2  | Lost mutation: You occasionally lose the ability to read
                  | scrolls when taking damage. [potion of mutation]
 35387 | Slime:2  | Gained mutation: You expend magic power (3 MP) to
                  | strengthen your wands. [potion of mutation]
 36478 | Elf:1    | Entered Level 1 of the Elven Halls
 37429 | Elf:1    | Found Luegioc's Armour Shop.
 37635 | Elf:2    | Found Veajooso's General Store.
 37809 | Elf:2    | Found Fubain's General Store.
 37856 | Elf:2    | Found Jeuz's Book Emporium.
 37953 | Elf:2    | Found Jodosife's Antique Armour Shop.
 38241 | Elf:2    | Found Darhuimn's Assorted Antiques.
 38245 | Elf:2    | Bought a glowing cloak for 262 gold pieces
 38565 | Vaults:3 | Bought a potion of mutation for 152 gold pieces
 38566 | Vaults:3 | Lost mutation: You expend magic power (3 MP) to strengthen
                  | your wands. [potion of mutation]
 38566 | Vaults:3 | Lost mutation: Your magical capacity is low. (-10% MP)
                  | [potion of mutation]
 38566 | Vaults:3 | Gained mutation: Your magical capacity is low. (-10% MP)
                  | [potion of mutation]
 38566 | Vaults:3 | Gained mutation: You occasionally lose the ability to read
                  | scrolls when taking damage. [potion of mutation]
 38566 | Vaults:3 | Gained mutation: You are robust. (+10% HP) [potion of
                  | mutation]
 38568 | Vaults:3 | Bought a potion of mutation for 144 gold pieces
 38569 | Vaults:3 | Lost mutation: You occasionally lose the ability to read
                  | scrolls when taking damage. [potion of mutation]
 38569 | Vaults:3 | Lost mutation: Your magical capacity is low. (-10% MP)
                  | [potion of mutation]
 38569 | Vaults:3 | Gained mutation: You are somewhat resistant to further
                  | mutation. [potion of mutation]
 38569 | Vaults:3 | Gained mutation: Your muscles are strong. (Str +4, Int/Dex
                  | -1) [potion of mutation]
 38712 | Vaults:3 | Bought a scroll of enchant weapon for 142 gold pieces
 38819 | Vaults:3 | Killed Saint Roka
 39140 | Swamp:4  | Killed the 26-headed Lernaean hydra
 39684 | Elf:2    | Bought the ring "Kurgh" {rPois rF+ rCorr MP+9} for 1084
                  | gold pieces
 40028 | Swamp:4  | Got a decaying rune of Zot
 40571 | Depths:1 | Entered Level 1 of the Depths
 40724 | Vaults:5 | Entered Level 5 of the Vaults
 40728 | Vaults:5 | Gained mutation: You punish those that try to bend your
                  | will. (Will+) [demonic ancestry]
 40728 | Vaults:5 | Reached XP level 21. HP: 198/198 MP: 21/21
 40843 | Vaults:5 | Noticed an ancient lich
 40844 | Vaults:5 | Noticed a dread lich
 40878 | Vaults:5 | Noticed Jory
 40894 | Vaults:5 | Noticed Mara
 40899 | Vaults:5 | Noticed LobsterGuardian's illusion
 41073 | Vaults:5 | Noticed a golden dragon
 41082 | Vaults:5 | Killed a golden dragon
 41118 | Vaults:5 | Noticed a golden dragon
 41124 | Vaults:5 | Killed a golden dragon
 41223 | Vaults:5 | HP: 5/200 [tengu reaver/+0 broad axe of freezing (7)]
 41223 | Vaults:5 | HP: 2/200 [tengu reaver/+0 broad axe of freezing (3)]
 41403 | Vaults:5 | Killed an ancient lich
 41471 | Vaults:5 | Upgraded the game from 0.31-a0-187-gba352fbbf7 to
                  | 0.31-a0-188-g5e087ee2ca
 41725 | Vaults:5 | Killed Mara
 41750 | Vaults:5 | Identified the +5 arbalest "Ojaopuk" {heavy, Fragile rElec
                  | Dex+4 Stlth+}
 41881 | Vaults:5 | Killed a dread lich
 42073 | Vaults:5 | Identified the +3 halberd "Doupeozafy" {protect, rF+}
 42271 | Vaults:5 | Killed Jory
 42272 | Vaults:5 | Gained mutation: You are resistant to unholy torment.
                  | [demonic ancestry]
 42272 | Vaults:5 | Reached XP level 22. HP: 201/201 MP: 22/22
 43004 | Vaults:5 | Noticed a dread lich
 43011 | Vaults:5 | Killed a dread lich
 43220 | Vaults:5 | Got a silver rune of Zot
 43725 | Slime:5  | Entered Level 5 of the Pits of Slime
 44058 | Depths:1 | Upgraded the game from 0.31-a0-188-g5e087ee2ca to
                  | 0.31-a0-196-g86fe4a5e66
 44184 | Depths:1 | Found Sedgh's Gadget Gallery.
 44262 | Depths:1 | Found a gateway to Hell.
 44291 | Depths:1 | Noticed a juggernaut
 44300 | Depths:1 | Killed a juggernaut
 44506 | Depths:1 | Found an ancient bone altar of Kikubaaqudgha.
 44636 | Depths:1 | Found a one-way gate to the infinite horrors of the Abyss.
 44776 | Depths:1 | Found Zushriduo's Jewellery Boutique.
 44776 | Depths:1 | Found Pibely's Book Shoppe.
 44777 | Depths:1 | Found Firarghukk's Jewellery Boutique.
 45013 | Depths:2 | Found a one-way gate leading to the halls of Pandemonium.
 45030 | Depths:2 | Noticed Vv
 45041 | Depths:2 | Killed Vv
 45246 | Depths:2 | Found the sphere of Battle
 46618 | Depths:3 | Found Ishrisoote's Self-Improvement Boutique.
 46663 | Depths:3 | Bought a manual of Throwing for 1680 gold pieces
 48512 | Depths:3 | Found a one-way gateway to a ziggurat.
 48776 | Depths:3 | Reached skill level 1 in Throwing
 48785 | Depths:3 | Noticed a golden dragon
 48793 | Depths:3 | Killed a golden dragon
 48961 | Depths:3 | Noticed a juggernaut
 48962 | Depths:3 | Noticed a golden dragon
 48968 | Depths:3 | Killed a juggernaut
 48971 | Depths:3 | Killed a golden dragon
 48972 | Depths:3 | Reached XP level 23. HP: 223/223 MP: 23/23
 49048 | Depths:3 | Identified the +4 rapier "Rojaup" {elec, rElec rF+ rN+}
 49204 | Depths:4 | Entered Level 4 of the Depths
 49213 | Depths:4 | Noticed a juggernaut
 49224 | Depths:4 | Killed a juggernaut
 49323 | Depths:4 | Found a gate to the Realm of Zot.
 49505 | Depths:4 | Reached skill level 5 in Throwing
 49908 | Crypt:1  | Entered Level 1 of the Crypt
 50552 | Depths:4 | Found an ancient bone altar of Kikubaaqudgha.
 50992 | Depths:4 | Found a shadowy altar of Dithmenos.
 52733 | Crypt:2  | Identified the +1 robe "Imiotud" {Contam Regen+ Str+2}
 53314 | Crypt:3  | Entered Level 3 of the Crypt
 53455 | Crypt:3  | Reached XP level 24. HP: 235/235 MP: 23/23
 53892 | Crypt:3  | Noticed a dread lich
 53901 | Crypt:3  | Killed a dread lich
 53904 | Crypt:3  | Found an ancient bone altar of Kikubaaqudgha.
 53962 | Crypt:3  | Identified the +9 shortbow of Cheibriados's Anger {heavy,
                  | rN+ Str+2}
 53968 | Crypt:3  | Bought a wand of roots (5) for 204 gold pieces
 54440 | Crypt:3  | Reached skill level 10 in Throwing
 54541 | Crypt:3  | Found a staircase to the Tomb.
 54552 | Crypt:3  | Identified the ring of the Impish God {*Corrode rN+ Str+8
                  | Dex+4 Slay-4}
 54552 | Crypt:3  | Identified the ring of Yneriad {rElec rN+ Str-4 Dex+3}
 54552 | Crypt:3  | Identified the ring "Soetilick" {rN+ SInv}
 55744 | Slime:5  | Found a viscous altar of Jiyva.
 55745 | Slime:5  | Noticed the Royal Jelly
 55758 | Slime:5  | Killed the Royal Jelly
 55878 | Slime:5  | Got a slimy rune of Zot
 55879 | Slime:5  | Identified the ring "Jusod" {+Blink SInv}
 56004 | Slime:5  | Identified the +10 quarterstaff of Ushrik {freeze, Int+4}
 57450 | Elf:2    | Found a runed translucent gate.
 57453 | Elf:2    | Found a runed translucent gate.
 57453 | Elf:2    | Found a runed translucent gate.
 58018 | Elf:3    | Entered Level 3 of the Elven Halls
 59909 | Elf:3    | Identified the staff "Emujyclo" {rElec rN+++ Int+3 Stlth-
                  | Air}
 60040 | Elf:3    | Identified the +9 falchion of Qabiz {drain, rCorr Str+3}
 60056 | Elf:3    | Identified the +5 glaive of the Ancient Xenops {holy,
                  | Str+2}
 60151 | Elf:3    | Identified the +7 dire flail "Undertaker" {pain, rPois
                  | rCorr Int+2}
 60232 | Elf:3    | Got Sif Muna's Grimoire of Turbulence and Wounds
 61062 | Hell     | Entered the Vestibule of Hell
 61062 | Hell     | Noticed Geryon
 61076 | Hell     | Killed Geryon
 61087 | Hell     | Gained mutation: You can hurl damnation. [demonic ancestry]
 61087 | Hell     | Reached XP level 25. HP: 181/245 MP: 23/23
 61480 | Zot:1    | Entered Level 1 of the Realm of Zot
 62668 | Zot:1    | Found a runed translucent gate.
 62669 | Zot:1    | Found a runed translucent gate.
 62669 | Zot:1    | Found an opulent altar of Gozag.
 62670 | Zot:1    | Found a runed translucent gate.
 62670 | Zot:1    | Noticed Joggorr's ghost (veteran OgBe)
 63032 | Zot:1    | Found Tiugekea's Assorted Antiques.
 63034 | Zot:1    | Found Xeoraboh's Assorted Antiques.
 65117 | Zot:2    | Upgraded the game from 0.31-a0-196-g86fe4a5e66 to
                  | 0.31-a0-198-g2ad674f65e
 65551 | Zot:3    | Noticed a Killer Klown
 65581 | Zot:3    | Killed a Killer Klown
 66652 | Tomb:1   | Entered Level 1 of the Tomb of the Ancients
 67503 | Tomb:1   | Noticed a royal mummy
 67514 | Tomb:1   | Killed a royal mummy
 67523 | Tomb:1   | Noticed a royal mummy
 67559 | Tomb:1   | HP: 15/376 [royal mummy/divine providence (8)]
 67560 | Tomb:1   | Killed a royal mummy
 67560 | Tomb:1   | HP: 6/361 [mummy priest/divine providence (10)]
 67585 | Tomb:1   | Reached XP level 26. HP: 49/257 MP: 23/23
 69062 | Zot:4    | Found a shimmering altar of Xom.
 69063 | Zot:4    | Found a shimmering altar of Xom.
 69070 | Zot:4    | Found a shimmering altar of Xom.
 69078 | Zot:4    | Found a shimmering altar of Xom.
 69078 | Zot:4    | Found a shimmering altar of Xom.
 69536 | Zot:4    | Identified the ring of Rujekuet {*Corrode rF+ rN+ EV+5
                  | SInv}
 69956 | Zot:5    | Entered Level 5 of the Realm of Zot
 69956 | Zot:5    | Found a runed translucent gate.
 69956 | Zot:5    | Found a runed translucent gate.
 69956 | Zot:5    | Found a runed translucent gate.
 69989 | Zot:5    | Noticed a dread lich
 70014 | Zot:5    | Noticed an ancient lich
 70016 | Zot:5    | Killed an ancient lich
 70027 | Zot:5    | Noticed Pet Giop's ghost (veteran OgBe)
 70150 | Zot:5    | Noticed an orb of fire
 70626 | Zot:5    | Killed an orb of fire
 71014 | Abyss:2  | Cast into level 2 of the Abyss (spriggan rider)
 71493 | Abyss:2  | Paralysed by you for 5 turns
 71770 | Lair:2   | Escaped the Abyss
 71774 | Lair:2   | Killed IYTBazzie's ghost
 71883 | Lair:2   | Got Lugonu's Compendium of Transportation
 71893 | Lair:2   | Voluntarily entered the Abyss.
 71905 | Abyss:2  | Found a corrupted altar of Lugonu.
 71997 | Abyss:2  | Gained mutation: Your flesh is cold resistant. (rC+) [a
                  | cacodemon]
 72242 | Abyss:2  | Found a corrupted altar of Lugonu.
 72362 | Abyss:2  | Reached skill level 27 in Fighting
 72558 | Abyss:2  | Reached skill level 15 in Throwing
 73157 | Abyss:2  | Gained mutation: A powerful demonic guardian rushes to your
                  | aid. [demonic ancestry]
 73157 | Abyss:2  | Reached XP level 27. HP: 236/273 MP: 23/23
 73331 | Abyss:2  | Found a corrupted altar of Lugonu.
 73436 | Abyss:2  | Reached skill level 27 in Long Blades
 73786 | Lair:2   | Escaped the Abyss
 73863 | Lair:2   | Voluntarily entered the Abyss.
 73863 | Abyss:3  | Found a corrupted altar of Lugonu.
 73863 | Abyss:3  | Found a corrupted altar of Lugonu.
 73868 | Abyss:3  | Found a corrupted altar of Lugonu.
 73892 | Abyss:3  | Found a corrupted altar of Lugonu.
 74124 | Abyss:3  | Got an abyssal rune of Zot
 74132 | Abyss:3  | Lost intelligence.
 74153 | Abyss:3  | HP: 11/408 [smoke demon/divine providence[an orange crystal
                  | statue] (15)]
 74203 | Abyss:3  | Found a corrupted altar of Lugonu.
 74299 | Lair:2   | Escaped the Abyss
 74469 | Lair:2   | Voluntarily entered the Abyss.
 74477 | Abyss:3  | Upgraded the game from 0.31-a0-198-g2ad674f65e to
                  | 0.31-a0-204-g7da18cac08
 74483 | Abyss:3  | Noticed an ancient lich
 74492 | Abyss:3  | Killed an ancient lich
 74547 | Lair:2   | Escaped the Abyss
 75139 | Zot:5    | Noticed an ancient lich
 75146 | Zot:5    | Killed an ancient lich
 75330 | Zot:1    | Killed Joggorr's ghost
 75445 | Zot:1    | Bought a jewelled cloak for 342 gold pieces
 75445 | Zot:1    | Identified the +1 cloak "Mowuvist" {rF++ Slay+5} (You
                  | bought it in a shop on level 1 of the Realm of Zot)
 75449 | Zot:1    | Bought a potion of curing for 105 gold pieces
 75449 | Zot:1    | Bought a scroll of teleportation for 105 gold pieces
 75996 | Depths:3 | Voluntarily entered the Abyss.
 76004 | Abyss:3  | Found a corrupted altar of Lugonu.
 76410 | Depths:3 | Escaped the Abyss
 76575 | Zot:5    | Noticed an orb of fire
 76587 | Zot:5    | Killed an orb of fire
 76782 | Zot:4    | Upgraded the game from 0.31-a0-204-g7da18cac08 to
                  | 0.31-a0-210-gccc998df9b
 76848 | Zot:5    | Noticed an ancient lich
 76854 | Zot:5    | Killed an ancient lich
 76886 | Zot:5    | Upgraded the game from 0.31-a0-210-gccc998df9b to
                  | 0.31-a0-214-gb37851dbb3
 77061 | Zot:5    | Noticed an orb of fire
 77062 | Zot:5    | Noticed a dread lich
 77062 | Zot:5    | Gained mutation: You sometimes lose your temper in combat.
                  | [an orb of fire]
 77068 | Zot:5    | Killed an orb of fire
 77072 | Zot:5    | Killed a dread lich
 77425 | Zot:5    | Reached skill level 27 in Armour
 77439 | Zot:4    | Killed Pet Giop's ghost
 77809 | Zot:5    | Got the Orb of Zot
 78145 | D:13     | Noticed Moatraess the pandemonium lord
 78314 | D:6      | Noticed Loytwiq the pandemonium lord
 78321 | D:6      | Killed Loytwiq the pandemonium lord
 78452 | D:1      | Noticed Jibegoza the pandemonium lord
 78458 | D:1      | Killed Jibegoza the pandemonium lord
 78471 | D:$      | Escaped with the Orb!

Illustrated notes

Levels and vault maps discovered:
D:1:      amcnicky_arrival_single_pillar, layout_basic, serial_park_tiny_1,
          minmay_split_cup_small
D:2:      layout_rooms
D:3:      kennysheep_the_goblin_king, layout_basic,
          nemelex_xobeh_ov_fountains_minmay, grunt_ministairs_5, uniq_grinder
D:4:      layout_cave_pods, uniq_eustachio, uniq_natasha
D:5:      layout_loops_corners, nicolae_letterblocks [nicolae_letter_subblock,
          nicolae_letter_subblock, nicolae_letter_subblock,
          nicolae_letter_subblock, nicolae_letter_subblock,
          nicolae_letter_subblock, nicolae_letter_subblock,
          nicolae_letter_subblock, nicolae_letter_subblock,
          nicolae_letter_subblock, nicolae_letter_subblock,
          nicolae_letter_subblock, nicolae_letter_subblock,
          nicolae_letter_subblock, nicolae_letter_subblock,
          nicolae_letter_subblock, nicolae_letter_subblock,
          nicolae_letter_subblock, nicolae_letter_subblock,
          nicolae_letter_subblock, nicolae_letter_subblock,
          nicolae_letter_subblock, nicolae_letter_subblock,
          nicolae_letter_subblock, nicolae_letter_subblock]
D:6:      wad_river_or_something, layout_loops_corners,
          minmay_temple_entry_butterflies, kennysheep_crisscross,
          hangedman_decor_peaks_small, st_stairs_12, grunt_ministairs_1
D:7:      layout_basic, mainiacjoe_overflow_six_doors_small,
          dreamdust_wishing_well
D:8:      layout_rooms, trog_hazing_becter, amcnicky_altar_gilded,
          chequers_ossuary_entry_cave, enter_bailey_5
D:9:      minmay_shrinking_squares, layout_long_grid, serial_shops, shop,
          roderic_serpentine_path, uniq_pikel
D:10:     minmay_cornered_nines, layout_stronghold, kennysheep_slug_shrine,
          marbit_many_paths, minmay_lair_entry_grove, zombieorc2_lemuel,
          uniq_maggie, uniq_maurice
D:11:     layout_rooms, lemuel_blue_sif_altar, uniq_fannar
D:12:     layout_roguey
D:13:     layout_roguey, uniq_urug
D:14:     minmay_two_paths, layout_basic, david_vaults_1, uniq_roxanne,
          uniq_snorg
D:15:     gammafunk_depths_entry_grave, layout_gridville,
          minmay_misc_feat_roman, minmay_fire_ice_demons, uniq_kirke, uniq_agnes
Temple:   kb_temple_of_zot
Lair:1:   layout_small_grid, gauntlet_entry_generic, uniq_gastronok
Lair:2:   layout_long_grid, dummy_spider_entry, gammafunk_ghost_abyssal_escape,
          serial_bayou, serial_bayou_lagoon_b, serial_bayou_pond_e,
          serial_bayou_crossing, serial_bayou_pond_d, minmay_lair_oklob_items
Lair:3:   layout_cave_pods, nicolae_swamp_entry_splash_gauntlet, basic_altar,
          grunt_megastairs_5
Lair:4:   mu_elephants_graveyard, layout_gridlike, dpeg_slime_entry_enclosed
Lair:5:   evilmike_catoblepas_cave, layout_long_grid, basic_altar, pond,
          uniq_josephine
Swamp:1:  layout_basic_swamp, nicolae_swamp_dense_foliage
Swamp:2:  layout_basic_swamp, evilmike_swamp_ruin_house_3, swamp_pool5,
          hangedman_swamp_dais
Swamp:3:  layout_falls_marsh, nicolae_swamp_round_clearing,
          infiniplex_staircase_pool
Swamp:4:  swamp_old_school, layout_basic_swamp, swamp_pool3, lightli_tree_ring
Spider:1: layout_cave_pods
Spider:2: layout_cave_pods, hangedman_spider_tarantella_strand, uniq_louise,
          uniq_frances, uniq_jorgrun, uniq_arachne
Spider:3: layout_spider_delve, nicolae_looking_at_the_future, uniq_donald,
          uniq_nikola
Spider:4: spider_rune_water, special_room, hellmonk_narrow_tunnel
Slime:1:  layout_caves, special_room [special_room_jelly]
Slime:2:  layout_caves, uniq_dissolution
Slime:3:  layout_caves
Slime:4:  layout_caves
Slime:5
Orc:1:    layout_caves
Orc:2:    grunt_orc_cross, layout_caves
Elf:1:    layout_gridlike, serial_shops, shop, minivault_28
Elf:2:    nicolae_elf_blades_crystal_corner, layout_onion_city, serial_shops,
          nicolae_shop_stone, shop, shop, shop, shop, drop_trap
Elf:3:    minmay_elf_hall, layout_gridlike
Vaults:1: infiniplex_enter_wizlab_glasses, nicolae_vaults_specimen_jars,
          hangedman_vaults_river_flow, ontoclasm_vaults_chip,
          nicolae_vaults_little_ls, hangedman_vaults_corner_blocks,
          ontoclasm_vaults_fault, nicolae_vaults_apartment_1,
          ontoclasm_vaults_bender, vaults_room_fancy_cross,
          nicolae_vaults_tetromino_Z_2, vaults_room_grunt_arrival_checkpoint,
          vaults_room_door_ring, layout_vaults_ring
Vaults:2: minmay_crypt_entry_simple_sparse, nicolae_vaults_trapezoid_4,
          nicolae_vaults_storing_the_good_stuff, nicolae_vaults_apartment_1,
          hangedman_vaults_corner, v_rooms_4, nicolae_vaults_angled_halls,
          nicolae_vaults_house_3, ontoclasm_vaults_chip,
          layout_vaults_quadrants, serial_shops, bzr_entry_customers,
          uniq_sojobo
Vaults:3: minmay_guarded_unrand_secular_launcher, grunt_vaults_bifocal,
          ontoclasm_vaults_twist, nicolae_vaults_six-pack, grunt_vaults_twisty,
          vaults_mumra_hex, vaults_room_semicircle,
          nicolae_vaults_stepped_doors, v_pattern_4, layout_vaults_big_room,
          serial_shops, shop, shop, shop_coins, uniq_saint_roka
Vaults:4: nicolae_vaults_closet_pinwheel_3, nicolae_vaults_variable_pillar_hall,
          hangedman_vaults_trim, nicolae_vaults_arrows,
          nicolae_vaults_network_s, nicolae_vaults_closet_pinwheel_3,
          vaults_room_stairs_pillars, vaults_standard_mumra_lines,
          layout_vaults_omnibox, serial_shops, nicolae_shop_stone
Vaults:5: uniq_jory, uniq_mara
Crypt:1:  layout_basic, grunt_megastairs_1, grunt_crypt_arrival_split
Crypt:2:  layout_gridlike, serial_corexii_hall, corexii_hall_statues_i,
          corexii_hall_statues_l, corexii_hall_statues_x,
          corexii_hall_statues_l, corexii_hall_statues_x,
          corexii_hall_statues_deadend
Crypt:3:  cryptofortress_bobbens
Tomb:1
Depths:1: layout_cave_pools, minmay_room_of_horrors, basic_altar, hell_entry,
          nicolae_shop_gadgets, minmay_shop_grove, kennysheep_random_hallway
Depths:2: nicolae_whirlpool, layout_gridlike, grunt_pan_entry_spiral,
          amcnicky_mini_rare_corridor_liquid, grunt_hell_entry_dis_mu,
          minmay_staircase_windowed_large, uniq_vv
Depths:3: kennysheep_green_arena, layout_basic, enter_ziggurat_a,
          minmay_misc_feat_pillars, hell_entry, abyss_entry_small_statue_room,
          grunt_pan_entry_in_and_out, nicolae_shop_self_help,
          infiniplex_staircase_zigzag_5, uniq_margery
Depths:4: grunt_zot_entry_funnels, layout_cave_shapes, hangedman_coc_ice_floe,
          grunt_dithmenos_smoke_and_mirrors, kiku_gazebo_pond_becter
Hell
Zot:1:    layout_onion, ebering_ghost_gozag, st_stairs_2,
          hangedman_spider_trapstep, grunt_megastairs_2
Zot:2:    layout_gridlike
Zot:3:    circus_mu, layout_cathedral_of_symmetry
Zot:4:    dreamdust_zin_vs_xom, layout_basic
Zot:5:    layout_gridville, gammafunk_ghost_ooze

Skill      XL: |  1  2  3  4  5  6  7  8  9 10 11 12 13 14 15 16 17 18 19 20 21 22 23 24 25 26 27 |
---------------+----------------------------------------------------------------------------------+-----
Long Blades    | 2 3 4 5 6 8 9 10 12 14 15 17 18 20 22 23 24 25 26 27 | 27.0
Stealth        | 5 |  5.0
Dodging        | 2 3 5 6 8 9 10 11 12 13 14 | 14.8
Armour         | 1 2 3 4 5 7 11 14 16 17 18 20 21 22 23 27 | 27.0
Fighting       | 4 5 6 7 8 10 11 12 14 16 17 19 21 22 23 25 27 | 27.0
Throwing       | 2 8 13 14 15 | 15.3

Action                     |  1- 3 |  4- 6 |  7- 9 | 10-12 | 13-15 | 16-18 | 19-21 | 22-24 | 25-27 || total
---------------------------+-------+-------+-------+-------+-------+-------+-------+-------+-------++-------
  Melee: Falchion          |   101 |    56 |   316 |       |       |       |       |       |       ||   473
         Kick              |    14 |    11 |    16 |       |   143 |   368 |   381 |   488 |   674 ||  2095
         Punch             |     1 |     1 |     6 |       |       |       |       |       |       ||     8
         Headbutt          |       |       |    62 |    84 |   198 |   224 |   198 |   273 |   413 ||  1452
         Triple sword      |       |       |    19 |   429 |   784 |   932 |   782 |  1026 |  1428 ||  5400
         Great sword       |       |       |       |       |       |       |     8 |       |       ||     8
  Throw: Boomerang         |       |       |       |       |       |       |       |   424 |   166 ||   590
         Throwing net      |       |       |       |       |       |       |       |       |     1 ||     1
 Invoke: Potion Petition   |       |       |       |       |     1 |     2 |     2 |     2 |    13 ||    20
         Call Merchant     |       |       |       |       |     1 |     2 |     2 |     1 |       ||     6
         Bribe Branch      |       |       |       |       |       |     1 |       |       |     1 ||     2
Ability: Hurl Damnation    |       |       |       |       |       |       |       |       |    17 ||    17
  Evoke: Wand              |       |     5 |     3 |     4 |     2 |     3 |    14 |       |     2 ||    33
    Use: Scroll            |     5 |     2 |     9 |    12 |     4 |    11 |    18 |     7 |     8 ||    76
         Potion            |     4 |     2 |     1 |     2 |     3 |     8 |    27 |     6 |    15 ||    68
   Stab: Sleeping          |    10 |     1 |    12 |    10 |    21 |       |       |       |       ||    54
         Distracted        |       |     1 |     3 |     6 |    21 |    12 |     7 |    13 |    23 ||    86
         Betrayed ally     |       |       |       |     1 |       |       |       |       |       ||     1
         Invisible         |       |       |       |       |    21 |       |       |       |     2 ||    23
 Armour: Leather armour    |    26 |    19 |    79 |    72 |    79 |       |       |       |       ||   275
         Plate armour      |       |       |       |       |    20 |   655 |   427 |   493 |   865 ||  2460
  Dodge: Dodged            |    48 |    24 |   175 |   363 |   655 |   583 |   384 |   470 |   767 ||  3469
  Block: Other             |       |       |       |    25 |   140 |    92 |       |       |       ||   257
         Reflection        |       |       |       |       |     7 |       |       |       |       ||     7

Table legend: (Time is in decaauts)
 A = Elapsed time spent in this place.
 B = Non-inter-level travel time spent in this place.
 C = Inter-level travel time spent in this place.
 D = Time resting spent in this place.
 E = Time spent auto-exploring this place.
 F = Levels seen in this place.
 G = Mean time per level.
                   A        B        C        D        E       F      G
               +--------+--------+--------+--------+--------+-----+--------+
         Total |  80902 |  65067 |  15835 |   6538 |  44686 |  69 | 1172.5 |
       Dungeon |  17663 |  13057 |   4606 |    167 |  10083 |  15 | 1177.5 |
        Temple |     24 |     17 |      7 |      0 |     11 |   1 |   24.0 |
          Lair |   6732 |   5416 |   1316 |    225 |   4135 |   5 | 1346.4 |
         Swamp |   3783 |   3077 |    706 |      1 |   2431 |   4 |  945.8 |
   Spider Nest |   5152 |   4827 |    325 |    756 |   3330 |   4 | 1288.0 |
    Slime Pits |   3381 |   3013 |    368 |    291 |   2282 |   5 |  676.2 |
  Orcish Mines |   1718 |   1247 |    471 |      0 |    942 |   2 |  859.0 |
   Elven Halls |   4170 |   3670 |    500 |    553 |   2446 |   3 | 1390.0 |
        Vaults |  11308 |   8204 |   3104 |   1304 |   5246 |   5 | 2261.6 |
         Crypt |   4568 |   3548 |   1020 |    426 |   2425 |   3 | 1522.7 |
          Tomb |   1668 |   1382 |    286 |     81 |    987 |   1 | 1668.0 |
        Depths |   6871 |   5417 |   1454 |   1358 |   3175 |   4 | 1717.8 |
          Hell |     24 |     24 |      0 |      0 |      0 |   1 |   24.0 |
           Zot |   8825 |   7158 |   1667 |   1046 |   4903 |   5 | 1765.0 |
         Abyss |   3855 |   3855 |      0 |    325 |   1578 |   7 |  550.7 |
        Bazaar |     97 |     97 |      0 |      0 |     62 |   1 |   97.0 |
       Ossuary |    360 |    360 |      0 |      0 |    216 |   1 |  360.0 |
        Bailey |    334 |    334 |      0 |      0 |    200 |   1 |  334.0 |
      Gauntlet |    359 |    359 |      0 |      0 |    228 |   1 |  359.0 |
               +--------+--------+--------+--------+--------+-----+--------+

Top non-repeatable levels by time:
Vaults:2: 2591 daAuts
Vaults:1: 2535 daAuts
Vaults:5: 2530 daAuts
 Abyss:2: 2511 daAuts
 Crypt:3: 2123 daAuts
   Zot:4: 2061 daAuts
    D:14: 1958 daAuts
    D:10: 1929 daAuts
  Lair:2: 1921 daAuts
Vaults:4: 1849 daAuts
Depths:3: 1842 daAuts
Depths:2: 1827 daAuts
   Zot:5: 1822 daAuts
Vaults:3: 1801 daAuts
   Zot:1: 1800 daAuts
